 Dungeon Crawl Stone Soup version 0.19-a0-1676-g39ae8cc (webtiles) character file.

7349 Bronet the Carver (level 11, -28/92 HPs)
             Began as a Human Chaos Knight on Sept 23, 2016.
             Killed from afar by a hell hog (32 damage)
             ... with a fireball
             ... on level 11 of the Dungeon.
             The game lasted 00:31:29 (12787 turns).

Bronet the Carver (Human Chaos Knight)             Turns: 12787, Time: 00:31:30

Health: -28/92     AC: 12    Str: 16    XL:     11   Next: 35%
Magic:  11/11      EV:  6    Int: 13    God:    Xom [.....*]
Gold:   362        SH:  3    Dex: 12    Spells: 0 memorised, 10 levels left

rFire  . . .     SeeInvis .     B - +3 falchion (freeze)
rCold  . . .     Gourm    .     K - +4 chain mail
rNeg   . . .     Faith    .     R - +0 buckler
rPois  .         Spirit   .     (helmet restricted)
rElec  .         Dismiss  .     (no cloak)
rCorr  .         Reflect  .     (no gloves)
MR     .....     Harm     .     (no boots)
Stlth  ..........               (no amulet)
                                (no ring)
                                t - ring of flight

@: very slightly contaminated
A: hooves 1, horns 1, blurry vision 1
a: Renounce Religion, Evoke Flight


You were on level 11 of the Dungeon.
You worshipped Xom.
You were Xom's teddy bear.
You were not hungry.

You visited 1 branch of the dungeon, and saw 11 of its levels.

You collected 508 gold pieces.
You spent 146 gold pieces at shops.

Inventory:

Hand Weapons
 a - a +0 falchion of chaos
 B - a +3 falchion of freezing (weapon)
 F - the +3 whip of Oozing Pus {slash, rPois rC- Str+7}
   (You took it off a crimson imp on level 7 of the Dungeon)

   It inflicts extra damage upon your enemies.
   It affects your strength (+7).
   It makes you vulnerable to cold.
   It protects you from poison.
Armour
 b - a +2 leather armour
 j - a +0 helmet
 I - a +3 leather armour of poison resistance
 J - the +0 scale mail of the Pink Corner {Dex+5}
   (You found it on level 7 of the Dungeon)

   It affects your dexterity (+5).
 K - a +4 chain mail (worn)
 R - a +0 buckler (worn)
Magical Staves
 w - an uncursed staff of cold {unknown}
Jewellery
 e - an uncursed ring of ice
 s - a cursed ring of teleportation
 t - a ring of flight (left hand)
Wands
 y - a wand of slowing (11/48)
 C - a wand of acid (0/15)
 M - a wand of flame (27/48)
 O - a wand of slowing (23/48)
 Q - a wand of iceblast (9/15)
 S - a wand of confusion (26/48)
Scrolls
 d - 2 scrolls of fear {unknown}
 f - 9 scrolls of identify
 g - 2 scrolls of enchant weapon {unknown}
 k - a scroll of blinking {unknown}
 l - a scroll of teleportation
 m - 3 scrolls of magic mapping
 n - 5 scrolls of immolation
 p - a scroll of noise {unknown}
 r - 2 scrolls of enchant armour {unknown}
 u - 5 scrolls of remove curse
 x - a scroll of vulnerability {unknown}
 A - a scroll of random uselessness {unknown}
 E - 3 scrolls of fog {unknown}
 L - a scroll of recharging {unknown}
 P - a scroll of amnesia {unknown}
Potions
 q - a potion of ambrosia {unknown}
 v - 4 potions of degeneration
 z - 6 potions of curing
 D - 3 potions of flight
 G - a potion of invisibility
 N - a potion of lignification {unknown}
 T - a potion of brilliance {unknown}
 U - a potion of agility
 V - a potion of haste
Comestibles
 c - 8 bread rations
 h - 8 beef jerkies
 i - 2 royal jellies
 o - 5 meat rations


   Skills:
 + Level 10.9 Fighting
 + Level 13.1 Long Blades
 - Level 2.0 Armour
 - Level 1.0 Dodging


You had 10 spell levels left.
You didn't know any spells.

Dungeon Overview and Level Annotations

Branches:
Dungeon (11/15)            Temple (0/1) D:7             Orc (0/2) D:11
   Lair: D:8-11

Altars:
Dithmenos
Gozag
Qazlal
Sif Muna
Uskayaw
Vehumet
Xom

Shops:
D:7 !   D:9 [?   D:10 }


Innate Abilities, Weirdness & Mutations

You have large cloven feet.
You have a pair of small horns on your head.
Scrolls take you a little longer to read.


Message History

You flicker back into view.
You see here a stone.
You see here a dagger.
The orc suddenly curses.
You see here 18 sling bullets.
There is a stone staircase leading down here.
Xom's power touches on you for a moment.
Nothing appears to happen.
You are now Xom's teddy bear. "This might be better!"
The ettin evaporates and reforms as a hell hog!
There is a stone staircase leading up here.
The hell hog breathes fire at you.
The fireball explodes!
The fireball engulfs you!
* * * LOW HITPOINT WARNING * * *
There is a stone staircase leading up here.
The hell hog breathes fire at you.
The fireball explodes!
The fireball engulfs you!
You die...
Xom thinks this is hilarious!

#.# #.# #.#
#.######.#########.#
#..................#
#.######.#########.# #.# #.#
#.# #.# #.# #.# #####^# #.#
#.########
......######.#########.........
#####(.(..)K.o.h@......########
## #.######...........# .# #.#
#...........# .# #.#
#..........)# .# #o#
#.....>.....# .# #.#
#...........# .## #K#
#...........# ..###)#
#...........# ..(..)#
#...........#


You could see a hell hog, an orc and a kobold.

Vanquished Creatures
  Erolcha (D:11)
  Psyche (D:10)
  A troll (D:10)
  2 two-headed ogres
  2 hippogriffs
  A shadow (D:11)
  3 yaks (D:11)
  A basilisk (D:9)
  Menkaure (D:4)
  A water moccasin (D:9)
  Duvessa (D:5)
  2 ice beasts
  6 ogres
  A necrophage (D:9)
  3 phantoms
  3 sky beasts
  2 centaurs
  Blork the orc (D:4)
  4 bullfrogs
  Dowan (D:5)
  4 scorpions
  9 wights
  2 crimson imps
  A centaur zombie (D:5)
  2 bullfrog skeletons
  A bullfrog zombie (D:5)
  6 hounds
  A jelly (D:11)
  A wasp zombie (D:5)
  9 orc priests
  5 iguanas
  3 centaur skeletons
  Jessica (D:3)
  Natasha (thrice) (D:3 D:6)
  10 orc wizards
  7 worker ants
  2 hound zombies
  A howler monkey zombie (D:5)
  A howler monkey skeleton (D:5)
  4 worker ant zombies
  11 adders
  4 gnolls (D:7)
  3 shadow imps
  An ooze (D:4)
  2 adder zombies
  An adder skeleton (D:9)
  4 worms
  3 dart slugs
  3 leopard geckos
  46 orcs
  4 ball pythons
  7 bats
  8 giant cockroaches
  7 goblins
  5 hobgoblins
  13 jackals
  7 kobolds
  A quokka (D:8)
  6 frilled lizards
  6 leopard gecko skeletons
  2 leopard gecko zombies (D:5)
  A quokka skeleton (D:5)
  7 rats
263 creatures vanquished.

Vanquished Creatures (collateral kills)
  A phantom (D:8)
1 creature vanquished.

Vanquished Creatures (others)
  A kobold (D:11)
  4 withered plants (D:5)
5 creatures vanquished.

Grand Total: 269 creatures vanquished

Notes
Turn   | Place    | Note
-------+----------+-------------------------------------------
     0 | D:1      | Bronet the Human Chaos Knight began the quest for the Orb.
     0 | D:1      | Reached XP level 1. HP: 18/18 MP: 1/1
    79 | D:1      | XOM: smoke on damage
    86 | D:1      | Reached XP level 2. HP: 11/24 MP: 2/2
    90 | D:1      | XOM: silly message
   216 | D:1      | XOM: harmless Hex miscast
   445 | D:1      | XOM: confuse monster(s)
   471 | D:1      | XOM: mild Pois miscast
   488 | D:1      | Reached XP level 3. HP: 27/29 MP: 3/3
   763 | D:1      | XOM: cast spell 'Spider Form'
   879 | D:2      | XOM: stealth player
   895 | D:2      | Reached skill level 4 in Long Blades
  1113 | D:2      | Reached XP level 4. HP: 25/35 MP: 4/4
  1592 | D:3      | Noticed Jessica
  1596 | D:3      | XOM: potion effect (brilliance)
  1598 | D:3      | Killed Jessica
  1598 | D:3      | Reached skill level 5 in Long Blades
  1598 | D:3      | Reached XP level 5. HP: 40/41 MP: 5/5
  1662 | D:3      | Found a stormy altar of Qazlal.
  1872 | D:3      | Noticed Natasha
  1877 | D:3      | Killed Natasha
  1887 | D:3      | Found an opulent altar of Gozag.
  1891 | D:3      | Noticed Natasha
  1898 | D:3      | Killed Natasha
  2446 | D:4      | XOM: god gift: 15 gold pieces
  2449 | D:4      | Noticed an ogre
  2450 | D:4      | XOM: potion effect (invisibility)
  2474 | D:4      | Killed an ogre
  2474 | D:4      | Reached skill level 6 in Long Blades
  2474 | D:4      | Reached XP level 6. HP: 5/47 MP: 6/6
  2594 | D:4      | HP: 2/47 [something (10)]
  2920 | D:4      | Noticed Menkaure
  2924 | D:4      | Gained mutation: You have large cloven feet. [potion of mutation]
  2924 | D:4      | Gained mutation: Scrolls take you a little longer to read. [potion of mutation]
  2924 | D:4      | Gained mutation: You have a pair of small horns on your head. [potion of mutation]
  2936 | D:4      | Killed Menkaure
  2936 | D:4      | Reached skill level 7 in Long Blades
  2936 | D:4      | Reached XP level 7. HP: 17/52 MP: 7/7
  3238 | D:4      | XOM: divination: detect items
  3245 | D:4      | XOM: enchant monster (good)
  3343 | D:4      | XOM: noise
  3422 | D:4      | XOM: scenery: create altars
  3547 | D:4      | XOM: scenery: 1 doors close
  3656 | D:4      | XOM: scenery: 2 doors open, 1 doors close
  3762 | D:4      | Reached skill level 8 in Long Blades
  3940 | D:4      | Found a radiant altar of Vehumet.
  3947 | D:4      | XOM: harmless Ice miscast
  4275 | D:4      | Noticed Blork the orc
  4282 | D:4      | XOM: cast spell 'Leda's Liquefaction'
  4285 | D:4      | XOM: confuse monster(s)
  4301 | D:4      | XOM: harmless Necr miscast
  4303 | D:4      | XOM: noise
  4324 | D:4      | Killed Blork the orc
  4396 | D:4      | XOM: cloud trail
  4458 | D:4      | Reached XP level 8. HP: 49/58 MP: 8/8
  4474 | D:4      | XOM: noise
  4506 | D:5      | Entered Level 5 of the Dungeon
  4536 | D:5      | Reached skill level 9 in Long Blades
  4934 | D:5      | XOM: harmless Air miscast
  5174 | D:5      | XOM: smoke on damage
  5545 | D:5      | XOM: 1-stop teleportation journey
  5605 | D:5      | Noticed Duvessa
  5605 | D:5      | Noticed Dowan
  5958 | D:5      | XOM: harmless Necr miscast
  6079 | D:5      | XOM: potion effect (might)
  6080 | D:5      | XOM: potion effect (invisibility)
  6084 | D:5      | Killed Dowan
  6084 | D:5      | Reached skill level 5 in Fighting
  6104 | D:5      | Killed Duvessa
  6104 | D:5      | Reached XP level 9. HP: 59/68 MP: 9/9
  6290 | D:5      | XOM: harmless Chrm miscast
  6373 | D:5      | XOM: cast spell 'Spider Form'
  6378 | D:5      | XOM: harmless Erth miscast
  6382 | D:5      | XOM: potion effect (might)
  6382 | D:5      | Reached skill level 10 in Long Blades
  6652 | D:5      | XOM: god gift: fruit
  6754 | D:6      | XOM: potion effect (brilliance)
  6759 | D:6      | XOM: blink monster(s)
  6890 | D:6      | Noticed Natasha
  6896 | D:6      | Killed Natasha
  7148 | D:6      | XOM: potion effect (curing)
  7252 | D:6      | XOM: 2-stop teleportation journey
  7421 | D:6      | XOM: harmless Summ miscast
  7552 | D:6      | XOM: smoke on damage
  7619 | D:6      | XOM: god gift: 41 gold pieces
  7779 | D:7      | Got a shimmering whip {slash}
  7783 | D:7      | Identified the +3 whip of Oozing Pus {slash, rPois rC- Str+7} (You took it off a crimson imp on level 7 of the Dungeon)
  7790 | D:7      | Found a hide-covered altar of Uskayaw.
  7790 | D:7      | Found a staircase to the Ecumenical Temple.
  7894 | D:7      | XOM: snakes to sticks
  8039 | D:7      | Noticed a two-headed ogre
  8063 | D:7      | XOM: scenery: 1 doors close
  8080 | D:7      | XOM: summons friendly crimson imp
  8333 | D:8      | Reached skill level 11 in Long Blades
  8367 | D:8      | XOM: swap monsters
  8370 | D:8      | XOM: destruction
  8372 | D:8      | XOM: enchant monster (good)
  8382 | D:8      | XOM: summons 2 friendly demons
  8784 | D:8      | Reached XP level 10. HP: 75/80 MP: 10/10
  8826 | D:7      | Got a scorched scale mail
  8837 | D:7      | Identified the cursed +0 scale mail of the Pink Corner {Dex+5} (You found it on level 7 of the Dungeon)
  9395 | D:7      | Found Moecusud's Distillery.
  9401 | D:7      | Bought a potion of heal wounds for 65 gold pieces
  9401 | D:7      | Bought a potion of degeneration for 13 gold pieces
  9451 | D:7      | XOM: confuse monster(s)
  9547 | D:7      | XOM: harmless Erth miscast
  9565 | D:8      | XOM: scenery: 1 fountains blood, 1 doors open
  9648 | D:8      | XOM: scenery: create altars
  9928 | D:8      | Found a shadowy altar of Dithmenos.
  9935 | D:8      | XOM: confuse monster(s)
 10229 | D:9      | XOM: scenery: create altars
 10279 | D:9      | XOM: enchant monster (good)
 10291 | D:9      | XOM: fake destruction
 10302 | D:9      | Reached skill level 12 in Long Blades
 10458 | D:9      | Found a deep blue altar of Sif Muna.
 10467 | D:9      | XOM is BORED!
 10467 | D:9      | Found Bocrim's Armour Shop.
 10467 | D:9      | XOM: 6-stop teleportation journey
 10488 | D:9      | Found Owomp's Magic Scroll Shoppe.
 10561 | D:9      | Bought a scroll of identify for 34 gold pieces
 10561 | D:9      | Bought a scroll of identify for 34 gold pieces
 10810 | D:9      | XOM: summons 1 hostile shadow creature
 11500 | D:9      | XOM: scenery: create altars
 11512 | D:10     | Entered Level 10 of the Dungeon
 11543 | D:10     | Found Ymeocsoisk's Gadget Emporium.
 11822 | D:10     | Noticed Psyche
 11833 | D:10     | Killed Psyche
 11833 | D:10     | Reached skill level 10 in Fighting
 11833 | D:10     | Reached XP level 11. HP: 43/90 MP: 11/11
 11835 | D:10     | XOM: divination: magic mapping
 11839 | D:10     | XOM: 2-stop teleportation journey
 12063 | D:10     | XOM: summons 2 hostile shadow creatures
 12064 | D:10     | Noticed a hill giant
 12185 | D:10     | Noticed a hill giant
 12321 | D:11     | XOM: cast spell 'Ice Form'
 12367 | D:11     | XOM: enchant monster (good)
 12399 | D:11     | XOM: confuse monster(s)
 12400 | D:11     | XOM: swap monsters
 12423 | D:11     | XOM: summons 5 friendly demons
 12696 | D:11     | Found a staircase to the Orcish Mines.
 12717 | D:11     | Noticed Erolcha
 12741 | D:11     | Killed Erolcha
 12741 | D:11     | Reached skill level 13 in Long Blades
 12752 | D:11     | Noticed an ettin
 12758 | D:11     | XOM: mild Necr miscast
 12758 | D:11     | HP: 4/92 [ettin/dire flail (31)]
 12782 | D:11     | XOM: harmless Divn miscast
 12783 | D:11     | Noticed a hell hog
 12783 | D:11     | an ettin changed into a hell hog
 12783 | D:11     | XOM: polymorph ettin -> hell hog
 12785 | D:11     | HP: 4/92 [hell hog/fireball (7)]
 12787 | D:11     | Killed from afar by a hell hog

Vault maps used:
D:1:      ncdulo_lavacross, minivault_14
D:2:      minmay_misc_feat_room, grunt_ministairs_14
D:3:      grunt_qazlal_sundering, grunt_gozag_statues, uniq_natasha,
          uniq_jessica
D:4:      kennysheep_six_static_rooms, vehumet_crystals, saegor_snake_ambush,
          uniq_blork_the_orc, uniq_menkaure
D:5:      serial_undead, serial_undead_a, serial_undead_b, serial_undead_a,
          serial_undead_f, first_bread, uniq_duvessa
D:6:      minmay_misc_feat_x
D:7:      eat_drink_and_be_merry_uskayaw, serial_shops, shop_fountains,
          grunt_ogre_cave, minmay_crossroads
D:8:      grunt_ministairs_4, grunt_dithmenos_shadows
D:9:      lemuel_round_altar, serial_shops, shop, nicolae_shop_waterfront,
          minmay_variable_closet
D:10:     serial_shops, shop, kennysheep_cluttered_room, kennysheep_doodads,
          st_stairs_13, grunt_ministairs_10, hangedman_abyss_or_decor_passed,
          uniq_psyche
D:11:     lair_0_dummy, orc_0_dummy, trove_entry_hex_spiral, minivault_25_ag,
          uniq_erolcha

Skill      XL: |  1  2  3  4  5  6  7  8  9 10 11 |
---------------+----------------------------------+-----
Long Blades    | 4 5 6 7 8 9 11 12 13 | 13.1
Fighting       | 5 7 10 | 10.9
Armour         | |  2.0
Dodging        | |  1.0

Action                   |  1- 3 |  4- 6 |  7- 9 | 10-12 || total
-------------------------+-------+-------+-------+-------++-------
Melee: Falchion          |   131 |   161 |   552 |   380 ||  1224
       Kick              |       |     4 |   147 |   119 ||   270
       Headbutt          |       |     3 |   116 |    73 ||   192
       Unarmed           |       |       |    11 |    17 ||    28
Evoke: Wand              |       |       |     5 |     1 ||     6
  Use: Potion            |       |     3 |     4 |     5 ||    12
       Scroll            |       |       |     7 |     2 ||     9
 Stab: Petrified         |     1 |       |    10 |       ||    11
       Confused          |     2 |       |     1 |     3 ||     6
       Sleeping          |     2 |       |       |       ||     2
       Petrifying        |       |     3 |     4 |       ||     7
       Invisible         |       |     3 |     3 |       ||     6
       Paralysed         |       |     1 |       |       ||     1
  Eat: Chunk             |       |     6 |    13 |     8 ||    27
       Meat ration       |       |       |     1 |     1 ||     2
       Fruit             |       |       |     1 |       ||     1
       Pizza             |       |       |     1 |       ||     1
Armor: Leather armour    |    41 |    95 |    90 |       ||   226
       Skin              |       |       |     1 |     7 ||     8
       Chain mail        |       |       |       |   133 ||   133
Dodge: Dodged            |    66 |    69 |   201 |    91 ||   427
